 Dungeon Crawl Stone Soup version 0.31-a0-889-g1a8549509d (webtiles) character file.

Game seed: 17486955105628847300

123643 Dylgear the Severer (level 17, -5/136 (140) HPs)
             Began as a Formicid Fighter on Oct 16, 2023.
             Was the Champion of Wu Jian.
             Slain by a profane servitor
             ... wielding a +3 demon whip of flaming
              (7 damage)
             ... on level 2 of the Abyss.
             The game lasted 02:35:35 (33315 turns).

Dylgear the Severer (Formicid Fighter)             Turns: 33315, Time: 02:35:50

HP:   -5/136 (140)  AC: 29    Str: 20    XL:     17   Next: 45%
MP:   0/11          EV: 16    Int:  9    God:    Wu Jian [******]
Gold: 163           SH: 19    Dex: 13    Spells: 16/16 levels left

rFire   + + .        y - +4 battleaxe (elec)
rCold   x x x        Q - +0 tower shield
rNeg    . . .        F - +2 plate armour {rF+}
rPois   .            (helmet unavailable)
rElec   .            I - +2 cloak
rCorr   .            P - +2 pair of gloves
SInv    +            g - +2 pair of boots
Will    +....        w - amulet of guardian spirit Stlth
                     d - +5 ring of evasion
HPRegen 0.00/turn    z - ring of fire
MPRegen 0.12/turn

%: guardian spirit
@: exhausted, in a heavenly storm, inhibited regen, studying Armour, lightly
drained
A: permanent stasis, dig shafts and tunnels, antennae 3, four strong arms,
[clumsy 2], [deterioration 2], [low MP 3], [inhibited regeneration], [weak 2],
[cold vulnerability 2], [subdued magic 2], [inability to read after injury 2]
a: Dig, Shaft Self, Renounce Religion, Wall Jump, Serpent's Lash, Heavenly Storm


You were on level 2 of the Abyss.
You worshipped Wu Jian.
Wu Jian was exalted by your worship.
You visited 5 branches of the dungeon, and saw 26 of its levels.
You visited the Abyss 1 time.
You also visited: Bailey.

You collected 2814 gold pieces.
You spent 2651 gold pieces at shops.

Inventory:

Hand Weapons
 m - a +2 battleaxe of flaming
 y - a +4 battleaxe of electrocution (weapon)
 D - a +0 dire flail of draining
 M - a +1 demon whip of venom
 S - a +0 heavy dire flail
Missiles
 n - 5 throwing nets
 E - 13 boomerangs
Armour
 g - a +2 pair of boots (worn)
 t - a scarf of invisibility
 F - a +2 plate armour of fire resistance (worn)
 I - a +2 cloak (worn)
 P - a +2 pair of gloves (worn)
 Q - a +0 tower shield (worn)
 T - a +2 chain mail of cold resistance
Jewellery
 b - a ring of flight
 d - a +5 ring of evasion (left hand)
 p - a +6 ring of dexterity
 u - a ring of willpower
 w - an amulet of guardian spirit (around neck)
 z - a ring of fire (right hand)
 H - a ring of protection from fire
 K - a ring of protection from fire
 O - an amulet of faith
Talismans
 J - a granite talisman
Wands
 a - a wand of flame (34)
 c - a wand of digging (5)
 l - a wand of mindburst (2)
 r - a wand of iceblast (10)
 B - a wand of polymorph (10)
 L - a wand of paralysis (4)
 R - a wand of light (10)
Scrolls
 s - a scroll of poison
 A - 3 scrolls of revelation
 C - a scroll of immolation
 G - 8 scrolls of identify
 N - a scroll of amnesia
 U - 3 scrolls of enchant weapon
Potions
 f - 2 potions of mutation
 h - 2 potions of magic
 k - 2 potions of brilliance
 o - 4 potions of lignification
 q - 4 potions of attraction
 Y - a potion of invisibility
Miscellaneous
 j - a sack of spiders
 v - a phantom mirror


   Skills:
 * Level 14.6 Fighting
 * Level 20.1(20.2) Axes
 + Level 1.9(13.4) Maces & Flails
 * Level 14.9 Armour
 + Level 2.3 Dodging
 + Level 1.8 Stealth
 * Level 16.8 Shields


You had 16 spell levels left.
You didn't know any spells.
Your spell library contained the following spells:

 Spells                   Type           Power      Damage    Failure   Level
 Apportation              Tloc           0%         N/A       100%        1
 Freeze                   Ice            0%         1d3       100%        1
 Jinxbite                 Hex            0%         N/A       100%        2
 Scorch                   Fire           0%         2d5       100%        2
 Dazzling Flash           Conj/Hex       0%         N/A       100%        3
 Frozen Ramparts          Ice            0%         1d1       100%        3
 Hailstorm                Conj/Ice       0%         3d3       100%        3
 Ignite Poison            Fire/Tmut/Pois 0%         N/A       100%        3
 Tukima's Dance           Hex            0%         N/A       100%        3
 Volatile Blastmotes      Fire/Tloc      0%         2d10      100%        3
 Animate Armour           Summ/Erth      0%         N/A       100%        4
 Dimensional Bullseye     Hex/Tloc       0%         N/A       100%        4
 Flame Wave               Conj/Fire      0%         2d4       100%        4
 Iskenderun's Mystic Bla  Conj/Tloc      0%         2d3       100%        4
 Manifold Assault         Tloc           0%         N/A       100%        4
 Summon Ice Beast         Ice/Summ       0%         N/A       100%        4
 Summon Lightning Spire   Summ/Air       0%         N/A       100%        4
 Alistair's Intoxication  Tmut/Pois      0%         N/A       100%        5
 Arcjolt                  Conj/Air       0%         1d10      100%        5
 Lee's Rapid Deconstruct  Erth           0%         3d4*      100%        5
 Dispersal                Tloc           0%         N/A       100%        6
 Simulacrum               Ice/Necr       0%         N/A       100%        6
 Starburst                Conj/Fire      0%         6d3       100%        6
 Summon Cactus Giant      Summ           0%         N/A       100%        6
 Disjunction              Tloc           0%         N/A       100%        8
 Maxwell's Capacitive Co  Air            0%         ∞         100%        8
 Fire Storm               Conj/Fire      0%         5d1       100%        9
 Vhi's Electric Charge    Tloc/Air       Unusable   N/A       N/A         4

Dungeon Overview and Level Annotations

Branches:
Dungeon (15/15)            Temple (1/1) D:7            Lair (5/5) D:11
 Shoals (0/4) Lair:3        Snake (0/4) Lair:2        Slime (0/5) Lair:4
    Orc (2/2) D:9             Elf (3/3) Orc:2        Vaults (0/5) D:13
 Depths (0/4) D:15         Bailey (visited)

Altars:
Ashenzari
Cheibriados
Dithmenos
Elyvilon
Fedhas
Gozag
Hepliaklqana
Kikubaaqudgha
Makhleb
Nemelex Xobeh
Okawaru
Qazlal
Ru
Sif Muna
Trog
Uskayaw
Vehumet
Wu Jian
Xom
Yredelemnul
Zin
The Shining One
Jiyva

Shops:
D:5 !   D:10 *   D:12 [:*=:   D:15 [   Orc:2 *::([   Elf:1 ?   Elf:2 =:

Portals:
Hell: Lair:5

Annotations:
D:10 3 runed translucent doors, notthatgreg's ghost, journeyman MiCA
D:12 2 transporters


Innate Abilities, Weirdness & Mutations

You cannot be hasted, slowed, berserked, paralysed or teleported.
You can dig through walls and to a lower floor.
You have a pair of large antennae on your head. (SInv)
Your four strong arms can wield two-handed weapons with a shield.
[You are very clumsy. (Dex -4)]
[Your body often deteriorates upon taking damage.]
[Your magical capacity is extremely low. (-30% MP)]
[You do not regenerate when monsters are visible.]
[You are very weak. (Str -4)]
[You are very vulnerable to cold. (rC--)]
[Your spells are easier to cast, but less powerful.]
[You sometimes lose the ability to read scrolls when taking damage.]


Message History

You are knocked back by the lance of force.
You slam into the stone wall!
* * * LOW HITPOINT WARNING * * *
Unknown command.
Okay, then.
Okay, then.
Your muscles tense, ready for explosive movement...
Your supernatural speed expires.
Okay, then.
You block the profane servitor's attack. x2
Cleave: y) +4 battleaxe (elec)
Press: ? - help, Dir - move target, f - profane servitor
Aim: a profane servitor, wielding a +3 demon whip of flaming (golden dust, about 46% to evade your +4 battleaxe of electrocution)
Okay, then.
Unknown command.
Cleave: y) +4 battleaxe (elec)
Press: ? - help, Dir - move target, f - profane servitor
Aim: a profane servitor, wielding a +3 demon whip of flaming (golden dust, about 46% to evade your +4 battleaxe of electrocution)
Okay, then.
There are monsters nearby!
The profane servitor barely misses you.
The profane servitor hits you but does no damage. x2
The profane servitor closely misses you.
You begin transforming.
You continue transforming.
You block the profane servitor's attack.
The profane servitor hits you but does no damage.
The profane servitor hits you with a +3 demon whip of flaming.
* * * LOW HITPOINT WARNING * * *
The profane servitor draws strength from your injuries!
The profane servitor hits you but does no damage.
You continue transforming.
The profane servitor hits you with a +3 whip.
* * * LOW HITPOINT WARNING * * *
The profane servitor draws strength from your injuries!
The profane servitor hits you but does no damage.
You block the profane servitor's attack. x2
The profane servitor hits you but does no damage.
The profane servitor misses you.
The profane servitor hits you with a +3 demon whip of flaming!
You die...

### ...
########...{.
#.§☼☼°☼○..#
#☼§☼☼@○☼..# .
#☼○§AA☼○..#
.#{
#○#3°##○### #
#.####.# ..
#.# #3{ ####.
. #○{°##.#{☼
.... #. ##§##
#○## ...
##☼§§ §{.A
##..
....☼#####
.#*☼###


You could see 2 profane servitors and a neqoxec.

Vanquished Creatures
  A deep elf blademaster (Elf:2)
  Frances (Elf:1)
  A fire giant (D:11)
  Azrael (Elf:2)
  A deep elf annihilator (Elf:3)
  Nessos (D:13)
  A dire elephant (Lair:5)
  A deep elf death mage (Elf:2)
  2 fire dragons (D:15)
  4 hydras
  2 ogre magi (D:15)
  Erica (Lair:2)
  3 boulder beetles
  8 two-headed ogres
  A tengu warrior (D:14)
  15 dancing weapons
  6 centaur warriors
  5 orc high priests (Orc:2)
  4 death yaks
  15 deep elf knights
  A skyshark (Lair:4)
  Amaemon (Lair:1)
  4 skeletal warriors
  A sixfirhy (Lair:5)
  6 deep elf archers
  A lindwurm (Lair:4)
  19 deep elf zephyrmancers
  A wizard (Lair:5)
  6 orc knights
  15 deep elf pyromancers
  8 ugly things
  2 orc sorcerers
  3 manticores
  4 cyclopes
  Maurice (Orc:2)
  2 torpor snails
  A smoke demon (Lair:5)
  3 black mambas
  4 centaur skeletons (D:13)
  4 orange demons
  A gargoyle (D:11)
  4 unseen horrors
  13 cane toads
  4 yaktaurs (D:13)
  5 kobold demonologists
  9 rime drakes
  2 ice devils (Lair:5)
  8 komodo dragons
  2 efreet
  A red devil (Lair:5)
  A tengu conjurer (D:15)
  A meliai (D:15)
  A troll (shapeshifter) (D:11)
  3 polar bears
  2 trolls
  A hornet (D:7)
  2 tarantellas (shapeshifter)
  7 blink frogs
  2 air elementals
  A flying skull (Abyss:2)
  3 wraiths
  10 slime creatures
  2 shadows (Abyss:2)
  A vampire (D:10)
  A spriggan (Lair:1)
  4 water elementals
  3 wyverns
  40 yaks
  3 fire elementals (Elf:2)
  Grum (D:9)
  2 neqoxecs (Abyss:2)
  2 basilisks
  3 steam dragons
  6 vampire mosquitoes
  2 wargs
  2 nagas (Lair:2)
  An acid dragon (D:10)
  8 hell hounds
  10 water moccasins
  39 orc warriors
  3 sky beasts
  2 black bears
  An ice beast (D:5)
  An ice beast (shapeshifter) (D:13)
  13 centaurs
  8 ogres
  15 wolves
  A phantom (D:5)
  9 bullfrogs
  2 kobold brigands
  An earth elemental (Elf:2)
  12 gnoll sergeants
  3 wights (D:8)
  9 howler monkeys
  5 hounds
  A jelly (D:5)
  39 orc priests
  6 gnoll boudas (Bailey)
  3 iguanas
  4 sleepcaps
  12 orc wizards
  13 hell rats
  A boggart simulacrum (D:15)
  18 gnolls
  9 adders
  2 worms
  3 dart slugs
  90 orcs
  7 bats
  5 endoplasms
  8 giant cockroaches
  8 goblins
  7 hobgoblins
  4 quokkas
  4 ball pythons
  3 frilled lizards
  12 kobolds
  4 rats
722 creatures vanquished.

Vanquished Creatures (others)
  An ogre mage (D:11)
  A deep elf knight (Elf:1)
  A flayed ghost (D:11)
  A deep elf archer (Elf:2)
  A wizard (D:14)
  A basilisk (D:11)
  A fire elemental (Elf:1)
7 creatures vanquished.

Grand Total: 729 creatures vanquished

Notes
Turn   | Place    | Note
-------+----------+-------------------------------------------
     0 | D:1      | Dylgear the Formicid Fighter began the quest for the Orb.
     0 | D:1      | Reached XP level 1. HP: 18/18 MP: 1/1
   102 | D:1      | Reached XP level 2. HP: 7/24 MP: 2/2
   739 | D:2      | Reached XP level 3. HP: 28/30 MP: 3/3
  1000 | D:2      | Found a glowing silver altar of Zin.
  1212 | D:2      | Reached XP level 4. HP: 36/37 MP: 4/4
  1385 | D:3      | Identified the of Sevoeqenk
  1425 | D:3      | Reached skill level 1 in Dodging
  2527 | D:4      | Reached skill level 5 in Shields
  2527 | D:4      | Reached XP level 5. HP: 42/42 MP: 5/5
  2547 | D:4      | You fall into a shaft and drop 2 floors!
  2641 | D:5      | Entered Level 5 of the Dungeon
  2641 | D:5      | Found a basalt altar of Yredelemnul.
  2644 | D:5      | Noticed an ogre
  2670 | D:7      | Noticed a bullfrog
  2707 | D:6      | Reached skill level 3 in Axes
  3089 | D:5      | Reached XP level 6. HP: 42/48 MP: 6/6
  3118 | D:5      | Noticed an ice beast
  3210 | D:5      | Killed an ice beast
  3211 | D:5      | Reached skill level 4 in Axes
  3221 | D:5      | Found Toawnioc's Distillery.
  3457 | D:4      | Reached skill level 5 in Axes
  3463 | D:4      | Reached XP level 7. HP: 23/54 MP: 7/7
  4478 | D:5      | Identified the +0 helmet "Xenosore" {rF+ Str-5 Int-3 Dex+7}
  4711 | D:5      | Found a bloodstained altar of Trog.
  4712 | D:5      | Found a stormy altar of Qazlal.
  4717 | D:5      | Reached skill level 6 in Axes
  4772 | D:5      | Reached XP level 8. HP: 54/61 MP: 8/8
  5076 | D:6      | Found a blossoming altar of Fedhas.
  5095 | D:6      | Reached skill level 5 in Fighting
  5167 | D:6      | Found a glowing golden altar of the Shining One.
  5215 | D:6      | Reached skill level 5 in Armour
  5650 | D:7      | Reached skill level 7 in Axes
  5703 | D:7      | Reached XP level 9. HP: 67/69 MP: 9/9
  5729 | D:7      | Noticed a hornet
  5749 | D:7      | Killed a hornet
  5750 | D:7      | Reached skill level 8 in Axes
  6009 | D:7      | Found a staircase to the Ecumenical Temple.
  6028 | Temple   | Entered the Ecumenical Temple
  6196 | Temple   | Became a worshipper of the Wu Jian Council
  7139 | D:9      | Found a staircase to the Orcish Mines.
  7162 | D:9      | Found a flagged portal.
  7178 | D:9      | Reached skill level 9 in Axes
  7214 | Bailey   | Entered a bailey
  7222 | Bailey   | Reached * piety under Wu Jian
  8077 | Bailey   | Reached XP level 10. HP: 65/77 MP: 10/10
  9143 | D:9      | Reached skill level 10 in Axes
  9611 | D:9      | Reached ** piety under Wu Jian
  9891 | D:9      | Noticed Grum
  9906 | D:9      | Killed Grum
  9932 | D:9      | Found a hazy altar of Hepliaklqana.
 10059 | D:10     | Entered Level 10 of the Dungeon
 10221 | D:10     | Found Nayn's Assorted Antiques.
 10228 | D:10     | Bought a runed battleaxe for 285 gold pieces
 10248 | D:10     | Noticed notthatgreg's ghost (journeyman MiCA)
 10250 | D:10     | Noticed a cyclops
 10277 | D:10     | Found a runed translucent gate.
 10277 | D:10     | Found a runed translucent gate.
 10277 | D:10     | Found a runed translucent gate.
 10367 | D:10     | Noticed a two-headed ogre
 10385 | D:10     | Killed a two-headed ogre
 10386 | D:10     | Reached skill level 11 in Axes
 10389 | D:10     | Reached XP level 11. HP: 81/86 MP: 9/11
 10542 | D:10     | Reached skill level 12 in Axes
 10628 | D:10     | Noticed a two-headed ogre
 10641 | D:10     | Killed a two-headed ogre
 10823 | D:10     | Found a shadowy altar of Dithmenos.
 11198 | D:11     | Noticed a sixfirhy
 11309 | D:11     | Noticed an ogre mage
 11309 | D:11     | Noticed a fire giant
 11309 | D:11     | Noticed a flayed ghost
 11327 | D:11     | Noticed a boulder beetle
 11361 | D:11     | Killed a boulder beetle
 11362 | D:11     | Reached skill level 13 in Axes
 11472 | D:11     | Reached *** piety under Wu Jian
 11682 | D:11     | Reached XP level 12. HP: 79/92 MP: 10/12
 11923 | D:12     | Found Unonk's Jewellery Emporium.
 12032 | D:11     | Found a staircase to the Lair.
 12060 | D:11     | Reached skill level 10 in Shields
 12304 | D:12     | Bought a +6 ring of dexterity for 468 gold pieces
 12377 | D:12     | Found Rited's Book Boutique.
 12431 | D:12     | Reached skill level 14 in Axes
 12638 | D:12     | Found a transporter.
 12638 | D:12     | Found a viscous altar of Jiyva.
 12638 | D:12     | Noticed a great orb of eyes
 12869 | D:12     | Found Cuceecop's General Store.
 12877 | D:12     | Bought a scroll of identify for 30 gold pieces
 12877 | D:12     | Bought a scroll of enchant weapon for 112 gold pieces
 12877 | D:12     | Bought a +2 cloak for 247 gold pieces
 12903 | D:12     | Found a transporter.
 13017 | D:12     | Found Dodiras's Armour Shoppe.
 13155 | D:12     | Found Kitehuijee's Book Shoppe.
 13452 | D:13     | Noticed a centaur warrior
 13739 | D:11     | Killed a fire giant
 13743 | D:11     | Killed an ogre mage
 13753 | D:11     | Killed a flayed ghost
 14312 | Lair:1   | Entered Level 1 of the Lair of Beasts
 14422 | Lair:1   | Noticed Amaemon
 14437 | Lair:1   | Killed Amaemon
 14632 | Lair:1   | Reached XP level 13. HP: 99/102 MP: 13/13
 14670 | Lair:1   | Found a white marble altar of Elyvilon.
 14969 | Lair:1   | Reached skill level 15 in Axes
 15031 | Lair:1   | Reached skill level 10 in Fighting
 15290 | Lair:1   | Reached skill level 10 in Armour
 15298 | Lair:1   | Reached **** piety under Wu Jian
 15581 | Lair:2   | Found a staircase to the Snake Pit.
 16710 | Lair:2   | Noticed Erica
 16719 | Lair:2   | Killed Erica
 16749 | Lair:2   | Noticed a five-headed hydra
 16776 | Lair:2   | Killed a five-headed hydra
 16777 | Lair:2   | Reached skill level 16 in Axes
 17271 | Lair:3   | Found a staircase to the Shoals.
 17506 | Lair:3   | Noticed a six-headed hydra
 17521 | Lair:3   | Killed a six-headed hydra
 18235 | Lair:4   | Reached XP level 14. HP: 81/113 MP: 10/14
 18478 | Lair:4   | Reached skill level 1 in Maces & Flails
 18672 | Lair:4   | Reached ***** piety under Wu Jian
 18689 | Lair:4   | Found a staircase to the Slime Pits.
 18689 | Lair:4   | Found a viscous altar of Jiyva.
 19022 | Lair:4   | Identified the +10 spear "Jellybane" {elec, *Noise rCorr
                  | Int+6}
 19161 | Lair:5   | Entered Level 5 of the Lair of Beasts
 19740 | Lair:5   | Reached skill level 17 in Axes
 20209 | Lair:5   | Noticed a dire elephant
 20219 | Lair:5   | Killed a dire elephant
 20409 | Lair:5   | Found a burning altar of Makhleb.
 20478 | Lair:5   | Reached skill level 1 in Stealth
 20594 | Lair:5   | Found a gateway to Hell.
 21494 | D:13     | Reached XP level 15. HP: 90/121 MP: 12/15
 21637 | D:13     | Noticed Nessos
 21672 | D:13     | Killed Nessos
 21795 | D:13     | Noticed a sphinx
 21921 | D:15     | Entered Level 15 of the Dungeon
 22201 | D:13     | Found a gate to the Vaults.
 22618 | D:13     | Reached skill level 18 in Axes
 24068 | D:15     | Found a staircase to the Depths.
 24102 | D:15     | Found an iron altar of Okawaru.
 24125 | D:15     | Reached ****** piety under Wu Jian
 24535 | D:15     | Found Niolirgh's Antique Armour Boutique.
 24557 | D:15     | Bought a tower shield for 157 gold pieces
 25227 | D:13     | Found a sacrificial altar of Ru.
 25969 | Orc:1    | Entered Level 1 of the Orcish Mines
 26174 | Orc:2    | Entered Level 2 of the Orcish Mines
 26577 | Orc:2    | Noticed Maurice
 26587 | Orc:2    | Killed Maurice
 26588 | Orc:2    | Reached XP level 16. HP: 131/131 MP: 16/16
 26968 | Orc:2    | Found Cuezxeot's Armour Shop.
 27003 | Orc:2    | Found a staircase to the Elven Halls.
 27557 | Orc:2    | Reached skill level 19 in Axes
 27594 | Orc:2    | Reached skill level 15 in Shields
 27615 | Elf:1    | Entered Level 1 of the Elven Halls
 28154 | Orc:2    | Found Xubioj's Weapon Shoppe.
 28157 | Orc:2    | Found Arussyd's Assorted Antiques.
 28158 | Orc:2    | Found Syumamy's Book Shoppe.
 28159 | Orc:2    | Found Isaumaenn's Book Emporium.
 28189 | Orc:2    | Bought 3 scrolls of enchant weapon for 472 gold pieces
 28203 | Orc:2    | Bought a manual of Armour for 880 gold pieces
 29371 | Elf:1    | Identified the +4 war axe "Impslayer" {pain, rN+}
 29379 | Elf:1    | Noticed Frances
 29414 | Elf:1    | Killed Frances
 30151 | Elf:1    | Found Toco's Magic Scroll Emporium.
 30303 | Elf:2    | Identified the of Kann
 30303 | Elf:2    | Identified the of Boimmos
 30303 | Elf:2    | Identified the of Xaipow
 30874 | Elf:2    | Found Huqu's Jewellery Boutique.
 30878 | Elf:2    | Found Plog's Book Boutique.
 30920 | Elf:2    | Reached XP level 17. HP: 74/137 MP: 10/17
 30934 | Elf:3    | Identified the "Ycheocy"
 30934 | Elf:3    | Identified the "Acumufysm"
 30934 | Elf:3    | Identified the of Jouxefal
 30934 | Elf:3    | Identified the "Upifinoa"
 30934 | Elf:3    | Entered Level 3 of the Elven Halls
 31892 | Elf:2    | Noticed Azrael
 31895 | Elf:2    | Reached skill level 20 in Axes
 32159 | Elf:2    | Killed Azrael
 32584 | Elf:2    | Found a runed translucent gate.
 32584 | Elf:2    | Found a runed translucent gate.
 32584 | Elf:2    | Found a runed translucent gate.
 32935 | Elf:2    | Noticed a deep elf blademaster
 32954 | Elf:2    | Killed a deep elf blademaster
 33225 | Abyss:2  | Cast into level 2 of the Abyss (+4 quick blade of
                  | distortion)
 33243 | Abyss:2  | Noticed a profane servitor
 33303 | Abyss:2  | Noticed a profane servitor
 33304 | Abyss:2  | Gained mutation: Your flesh is heat resistant. (rF+)
                  | [potion of mutation]
 33305 | Abyss:2  | Lost mutation: Your flesh is heat resistant. (rF+) [potion
                  | of mutation]
 33305 | Abyss:2  | HP: 6/136 [stone wall collision (10)]
 33314 | Abyss:2  | HP: 4/136 [profane servitor/+3 demon whip of flaming (4)]
 33315 | Abyss:2  | Slain by a profane servitor

Illustrated notes

Levels and vault maps discovered:
D:1:      dreamdust_arrival_sigmund_warning, layout_rooms, grunt_decor_arrowhead
D:2:      layout_loops_cross, minmay_hexomino_r4
D:3:      minmay_evil_eye, layout_loops_ring
D:4:      layout_gridville
D:5:      layout_loops_cross, yredelemnul_altar_generic,
          gammafunk_temple_overflow_pools, serial_shops, shop
D:6:      layout_basic, nicolae_overflow_squiral
D:7:      layout_rooms, minmay_temple_entry_antechambers
D:8:      layout_loops_ring
D:9:      layout_rooms, nzn_hepliaklqana_mist_gate,
          minmay_orc_entry_temple_large, enter_bailey_5, uniq_grum
D:10:     nicolae_cairo_tiling_large_dashed, layout_small_grid,
          lemuel_tele_altar, gammafunk_ghost_split, serial_shops,
          nicolae_shop_just_a_little_nook
D:11:     nzn_winding_woodlands_cross [nzn_winding_woodlands_5x15_crooked,
          nzn_winding_woodlands_5x15_longhouse,
          nzn_winding_woodlands_5x15_default, nzn_winding_woodlands_5x15_parted,
          nzn_winding_woodlands_15x15_thick_spiral], layout_loops_cross,
          lair_entry_dummy, small_statue_alley_a, amcnicky_mini_corridor_feature
D:12:     gammafunk_jiyva_shrine, layout_irregular_city, serial_shops,
          nicolae_shop_hallway_stairs, shop, nicolae_shop_hallway_stairs,
          nicolae_shop_peninsula, shop
D:13:     layout_rooms, hangedman_vaults_entry_quadrant_bands,
          corexii_corridor_pit, nicolae_ru_sacrificial_ziggurat, uniq_nessos
D:14:     layout_cross
D:15:     grunt_enter_depths_hoard, layout_stronghold,
          okawaru_ov_weapons_minmay, serial_shops, nicolae_shop_tiny_waterfront,
          kennysheep_inner_square
Temple:   bh_familiar_temple
Lair:1:   layout_regular_city, basic_altar, grunt_forest_large_clearing_hut,
          infiniplex_staircase_pool_2, uniq_amaemon
Lair:2:   beargit_carnivore_pack, layout_cave_pods,
          minmay_snake_entry_guardpost_small, grunt_megastairs_3,
          serial_bayou_shore_a, lemuel_fruit_tree, serial_bayou_shore_b,
          uniq_erica
Lair:3:   layout_cave_pods, elwin_shoals_entry_rocks
Lair:4:   layout_cave_pods, slime_entry_1
Lair:5:   evil_forest, layout_concentric_octagons, grunt_megastairs_1
Orc:1:    layout_caves
Orc:2:    st_orc_pillars, layout_diamond_mine, serial_shops, shop,
          minmay_orc_temple_b, uniq_maurice
Elf:1:    eino_elf_arrival_customs, layout_gridlike, serial_shops,
          nicolae_shop_rolled_up, minivault_28, uniq_frances
Elf:2:    nicolae_elf_blades_crystal_corner, layout_loops_corners,
          minmay_shop_star, uniq_azrael
Elf:3:    nooodl_elf_gasket, layout_geoelf_grid, serial_shops, shop_coins,
          serial_sigils, serial_sigils_hangedman_carve,
          serial_sigils_hangedman_etch, serial_sigils_hangedman_quiver,
          serial_sigils_hangedman_snap, serial_sigils_hangedman_gnaw
Abyss:2:  base: D:13, minivault_28

Skill      XL: |  1  2  3  4  5  6  7  8  9 10 11 12 13 14 15 16 17 |
---------------+----------------------------------------------------+-----
Dodging        | 1 2 |  2.3
Shields        | 5 6 7 8 9 10 12 13 14 16 | 16.8
Axes           | 3 5 6 7 9 11 13 14 16 17 18 19 20 | 20.1
Armour         | 4 5 6 7 8 9 10 11 12 13 14 | 14.9
Fighting       | 4 5 6 7 8 9 11 12 13 14 | 14.6
Maces & Flails | 1 |  1.9
Stealth        | 1 |  1.8

Action                     |  1- 3 |  4- 6 |  7- 9 | 10-12 | 13-15 | 16-18 || total
---------------------------+-------+-------+-------+-------+-------+-------++-------
  Melee: War axe           |    93 |       |       |       |       |       ||    93
         Battleaxe         |       |   132 |   290 |   480 |   923 |   640 ||  2465
         Demon whip        |       |       |       |       |    34 |       ||    34
 Invoke: Serpent's Lash    |       |       |       |       |       |     1 ||     1
         Heavenly Storm    |       |       |       |       |       |     1 ||     1
Ability: Shaft Self        |       |     1 |       |       |       |       ||     1
         Lunge             |       |       |    10 |    33 |    52 |    50 ||   145
         Whirlwind         |       |       |     4 |    14 |   115 |    65 ||   198
         Wall Jump         |       |       |       |     2 |    26 |     8 ||    36
         Dig               |       |       |       |     1 |       |     1 ||     2
  Evoke: Wand              |       |     4 |       |       |       |       ||     4
    Use: Potion            |     2 |     1 |     2 |     2 |     7 |    14 ||    28
         Scroll            |     2 |     8 |    10 |     7 |     5 |     1 ||    33
   Stab: Invisible         |       |       |       |       |     1 |       ||     1
 Armour: Scale mail        |    85 |    27 |       |       |       |       ||   112
         Chain mail        |       |    84 |   175 |       |       |       ||   259
         Plate armour      |       |       |    50 |   337 |   611 |   359 ||  1357
  Dodge: Dodged            |    56 |   121 |   235 |   231 |   323 |   137 ||  1103
  Block: Buckler           |    24 |    51 |   116 |   111 |       |       ||   302
         Kite shield       |       |       |       |    98 |   539 |       ||   637
         Tower shield      |       |       |       |       |    73 |   481 ||   554
   Form: Statue            |       |       |       |       |       |     1 ||     1

Table legend: (Time is in decaauts)
 A = Elapsed time spent in this place.
 B = Non-inter-level travel time spent in this place.
 C = Inter-level travel time spent in this place.
 D = Time resting spent in this place.
 E = Time spent auto-exploring this place.
 F = Levels seen in this place.
 G = Mean time per level.
                   A        B        C        D        E       F      G
               +--------+--------+--------+--------+--------+-----+--------+
         Total |  33562 |  31832 |   1730 |   9203 |  10424 |  28 | 1198.6 |
       Dungeon |  17646 |  16458 |   1188 |   3753 |   6092 |  15 | 1176.4 |
        Temple |    193 |    169 |     24 |      0 |      0 |   1 |  193.0 |
          Lair |   6512 |   6110 |    402 |   1289 |   3144 |   5 | 1302.4 |
  Orcish Mines |   2208 |   2208 |      0 |    556 |    514 |   2 | 1104.0 |
   Elven Halls |   5000 |   4884 |    116 |   2455 |    674 |   3 | 1666.7 |
         Abyss |     88 |     88 |      0 |      0 |      0 |   1 |   88.0 |
        Bailey |   1912 |   1912 |      0 |   1150 |      0 |   1 | 1912.0 |
               +--------+--------+--------+--------+--------+-----+--------+

Top non-repeatable levels by time:
   Elf:1: 2543 daAuts
    D:13: 2123 daAuts
    D:12: 2109 daAuts
  Bailey: 1912 daAuts
  Lair:2: 1708 daAuts
   Elf:2: 1642 daAuts
    D:15: 1637 daAuts
  Lair:5: 1536 daAuts
   Orc:2: 1514 daAuts
    D:11: 1503 daAuts
     D:6: 1304 daAuts
     D:9: 1209 daAuts
  Lair:1: 1192 daAuts
    D:10: 1143 daAuts
     D:3: 1087 daAuts
